Arrhythmia, chaotic female vampiric Convict -- --- .- ..- .. .... .(-- ... -- -.|.- ... ---. -- |...| ...- ---......... |...---...--------- - |...........G.....)@a%.%..G............| | --... -- --.--.--.---- ---- - --- --- Arrhythmia the Jail-bird Experience level: 6 Strength: 15 Dexterity: 11 Constitution: 15 Intelligence: 14 Wisdom: 9 Charisma: 10 Health: 0(55) Energy: 36(36) AC: 9 Gold: 651 Moves: 1642 Your Inventory: Coins $ - 651 gold pieces Amulets t - a [cursed] pyramidal amulet [versus poison] Weapons j - an [uncursed +0] crude dagger [orcish] u - 2 [uncursed +0] runed daggers [elven] Armor b - a cursed +0 striped shirt (being worn) m - an [uncursed] +0 iron skull cap [orcish helm] (being worn) v - a [cursed +0] striped shirt Scrolls e - an [uncursed] scroll labeled ASHPD [of scare monster] n - a [cursed] scroll labeled GHOTI [of food detection] Rings k - a [cursed] shiny ring [of polymorph] Wands p - a [cursed] crusty wand [of opening (0:6)] Tools d - an [uncursed] can of grease [0:19] q - an [uncursed wax] candle r - 2 [uncursed tallow] candles Gems h - an [uncursed] green gem [worthless glass] s - an [uncursed] red gem [worthless glass] Iron balls c - an [uncursed] heavy iron ball (chained to you) (weapon in hand) Spells known in the end: Name Level Category Fail Memory a - healing 1 healing 38% [||||||||] b - light 1 divination 38% [||||||||] c - restore ability 4 healing 100% [||||||||] Your skills at the end: Fighting Skills Weapon Skills sling [Basic / Skilled] Spellcasting Skills Final Attributes: You had strayed. Hunger level was 19. Your alignment was -3 / 18. Monster difficulty range was 0 - 5. Level difficulty was 5. You were immune to level-drain. You were immune to sickness. You were punished. You could fly. You could survive without air. You regenerated. Your luck was zero. You are dead. Vanquished creatures: an imp an enormous rat a gnome lord a little dog a homunculus a wererat an iguana 3 killer bees a hobbit a giant rat a brown mold 10 gnomes a garter snake 3 jackals 3 goblins 3 grid bugs a bat 2 lichens 5 newts 41 creatures vanquished. Voluntary challenges: You went without food. You used a wielded weapon 2 times. You read items or engraved 160 times. You put on armor 2 times. You never genocided any monsters. You never polymorphed an object. You never changed form. You used no wishes. You wrote Elbereth's name 51 times. You encountered 1 bones level. You never used any Sokoban shortcuts. Dungeon overview: The Dungeons of Doom: levels 1 to 4 Level 1 an altar to Tymora a long staircase Level 3 a music store Level 4 stairs to The Gnomish Mines The Gnomish Mines: Level 5 <- You were here stairs to The Dungeons of Doom History has recorded: On T:1 you entered the Dungeons of Doom to retrieve the Amulet of Yendor! On T:627 you reached level 2 of The Dungeons of Doom. On T:669 you advanced to experience level 2. On T:893 you advanced to experience level 3. On T:980 you reached level 3 of The Dungeons of Doom. On T:1033 you advanced to experience level 4. On T:1323 you reached level 4 of The Dungeons of Doom. On T:1351 you advanced to experience level 5. On T:1404 you reached level 1 of The Gnomish Mines. On T:1529 you advanced to experience level 6. Latest messages: You miss the killer bee. (2x) The killer bee stings! [HP-1=21] You miss the killer bee. (2x) The killer bee stings! (2x) [HP-2=19] You miss the killer bee. (2x) The killer bee stings! The gnome wields a crossbow! [HP-2=17] You miss the killer bee. You bite the killer bee. The killer bee stings! (2x) [HP-3=14] You hit the killer bee. You miss the killer bee. The killer bee stings! The killer bee's sting was poisoned! You hear the howling of the CwnAnnwn... The gnome shoots a crossbow bolt! You are hit by a crossbow bolt. You die... Final status: Goodbye Arrhythmia the Convict... You died in The Gnomish Mines on dungeon level 5 with 2108 points, and 651 pieces of gold, after 1642 moves. You were level 6 with a maximum of 55 hit points when you died.